 Dungeon Crawl Stone Soup version 0.28.0-1-gb440e238dd (webtiles) character file.

Game seed: 9031515515231064489

159 fknight the Skirmisher (level 5, -4/47 HPs)
             Began as a Hill Orc Fighter on Feb 27, 2022.
             Was an Initiate of Beogh.
             Slain by a gnoll (6 damage)
             ... on level 3 of the Dungeon.
             The game lasted 00:07:26 (3003 turns).

fknight the Skirmisher (Hill Orc Fighter)           Turns: 3003, Time: 00:07:30

Health: -4/47      AC:  8    Str: 21    XL:     5   Next: 40%
Magic:  5/5        EV:  9    Int:  8    God:    Beogh [......]
Gold:   104        SH:  4    Dex: 10    Spells: 4/4 levels left

rFire   . . .      SeeInvis .   a - +0 war axe
rCold   . . .      Faith    .   c - +0 buckler
rNeg    . . .      Spirit   .   b - +0 scale mail
rPois   .          Reflect  .   (no helmet)
rElec   .          Harm     .   (no cloak)
rCorr   .          Rampage  .   (no gloves)
Will    .....                   f - +0 pair of boots
Stlth   ..........              (no amulet)
HPRegen 0.15/turn               (no ring)
MPRegen 0.09/turn               (no ring)

@: mighty
A: no striking features
a: Renounce Religion


You were on level 3 of the Dungeon.
You worshipped Beogh.
Beogh was noncommittal.
You visited 1 branch of the dungeon, and saw 3 of its levels.

You collected 104 gold pieces.

Inventory:

Hand Weapons
 a - a +0 war axe (weapon)
 k - a +1 dagger of speed
 p - a +0 spear
Missiles
 e - 72 stones (quivered)
 g - 42 sling bullets
 q - 3 poisoned darts
Armour
 b - a +0 scale mail (worn)
 c - a +0 buckler (worn)
 f - a +0 pair of boots (worn)
Scrolls
 i - 2 scrolls of enchant weapon {unknown}
 l - a scroll of summoning {unknown}
 o - 2 scrolls of immolation {unknown}
 r - a scroll of amnesia {unknown}
 s - a scroll of enchant armour {unknown}
 t - a scroll of noise {unknown}
 v - a scroll of fear {unknown}
Potions
 d - 2 potions of might
 h - 3 potions of flight {unknown}
 j - 2 potions of heal wounds {unknown}
 m - a potion of magic {unknown}
 n - 2 potions of attraction {unknown}
 u - a potion of lignification {unknown}


   Skills:
 + Level 4.8 Fighting
 + Level 4.1 Axes
 + Level 4.2 Armour
 + Level 4.3 Shields


You had 4 spell levels left.
You didn't know any spells.
Your spell library was empty.

Dungeon Overview and Level Annotations

Branches:
Dungeon (3/15)

Altars:
The Shining One

Annotations:
D:3 4 runed translucent doors, ChongLi's ghost, weakling FeTm; Crazy Yiuf


Message History

You swap places.
Found a stone staircase leading down.
A gnoll comes into view. It is wielding a +0 whip.
Found a scroll labelled MAOROU HIEDET and a steaming hand axe.
The gnoll shouts!
You feel very mighty all of a sudden.
A gnoll comes into view. It is wielding a +0 spear.
Found a runed hand axe.
A gnoll comes into view. It is wielding a +0 whip.
Found a hand axe.
The gnoll shouts!
The gnoll hits you with a +0 whip.
You closely miss the gnoll.
The gnoll hits you from afar with a +0 spear.
The gnoll hits you with a +0 whip! The gnoll barely misses you.
A gnoll comes into view. It is wielding a +0 halberd.
The gnoll hits you but does no damage.
You slash the gnoll!
You kill the gnoll!
Beogh accepts your kill.
The gnoll hits you from afar with a +0 spear.
You block the gnoll's attack.
Things that are here:
a +0 whip; a scroll labelled MAOROU HIEDET You barely miss the gnoll.
You closely miss the gnoll. The gnoll hits you but does no damage.
The gnoll hits you with a +0 whip.
You slash the gnoll!
The gnoll is severely wounded.
You barely miss the gnoll. The gnoll closely misses you.
You block the gnoll's attack.
The gnoll hits you from afar with a +0 halberd!
You block the gnoll's attack.
You slash the gnoll!
You kill the gnoll!
Beogh accepts your kill.
You hit the gnoll. The gnoll hits you with a +0 whip.
The gnoll hits you from afar with a +0 halberd!
* * * LOW HITPOINT WARNING * * *
The gnoll hits you with a +0 whip.
You die...

+..##.#...........#
+.###.###########.##
+.##### #..# #...# ♣
##.## #...# .) #..#
#...# #..♣ ##.#
...## #....♣♣ #.#
...# #..♣..)♣♣#.#
...# '....g)@...#
...# #.♣...g♣♣###
...## #..).♣♣ ....#
#..♣ ....# .. ....##
♣ .....####
........####
.........>.#


You could see 2 gnolls.

Vanquished Creatures
  Natasha (thrice) (D:3)
  2 adders (D:2)
  2 gnolls (D:3)
  A worm (D:2)
  A dart slug (D:2)
  An orc (D:3)
  5 ball pythons
  3 bats
  6 endoplasms
  A giant cockroach (D:3)
  4 goblins
  9 hobgoblins
  A quokka (D:3)
  2 frilled lizards
  5 kobolds
  9 rats
55 creatures vanquished.

Vanquished Creatures (others)
  A frilled lizard (D:3)
  A kobold (D:3)
2 creatures vanquished.

Grand Total: 57 creatures vanquished

Notes
Turn   | Place    | Note
-------+----------+-------------------------------------------
     0 | D:1      | fknight the Hill Orc Fighter began the quest for the Orb.
     0 | D:1      | Reached XP level 1. HP: 19/19 MP: 1/1
   405 | D:1      | Reached XP level 2. HP: 25/27 MP: 2/2
   872 | D:2      | Reached XP level 3. HP: 30/33 MP: 3/3
  1684 | D:2      | Reached XP level 4. HP: 34/40 MP: 4/4
  1980 | D:3      | Found a runed translucent gate.
  1980 | D:3      | Found a runed translucent gate.
  1980 | D:3      | Found a runed translucent gate.
  2070 | D:3      | Found a glowing golden altar of the Shining One.
  2085 | D:3      | Noticed ChongLi's ghost (weakling FeTm)
  2096 | D:3      | Became a worshipper of Beogh the Brigand
  2164 | D:3      | Noticed Natasha
  2177 | D:3      | Killed Natasha
  2357 | D:3      | Noticed Natasha
  2370 | D:3      | Killed Natasha
  2371 | D:3      | Reached XP level 5. HP: 16/47 MP: 5/5
  2621 | D:3      | Noticed Natasha
  2640 | D:3      | Killed Natasha
  2895 | D:3      | Found a runed translucent door.
  2896 | D:3      | Noticed Crazy Yiuf
  3003 | D:3      | HP: 2/47 [gnoll (14)]
  3003 | D:3      | Slain by a gnoll

Illustrated notes

Levels and vault maps discovered:
D:1:      dpeg_arrival_pits, layout_loops_ring
D:2:      layout_basic, minmay_tetromino_t2
D:3:      layout_rooms, mainiacjoe_overflow_brackets, gammafunk_ghost_icy,
          pf_guarded_unrand_woodcutter, uniq_crazy_yiuf_cottage, uniq_natasha

Skill      XL: |  1  2  3  4 |
---------------+-------------+-----
Axes           | 3 4 |  4.1
Fighting       | 4 |  4.8
Armour         | 4 |  4.2
Shields        | 4 |  4.3

Action                   |  1- 3 |  4- 6 || total
-------------------------+-------+-------++-------
Melee: War axe           |    79 |    83 ||   162
Throw: Stone             |    47 |    25 ||    72
Invok: Convert to Beogh  |       |     1 ||     1
  Use: Potion            |       |     1 ||     1
Armor: Scale mail        |    49 |    50 ||    99
Dodge: Dodged            |    53 |    61 ||   114
Block: Buckler           |    25 |    26 ||    51
